 Dungeon Crawl Stone Soup version 0.30-a0-371-gad7725a93e (webtiles) character file.

Game seed: 9716496957919021703

51 McGhostyFace the Magician (level 3, 0/26 HPs)
             Began as a Gnoll Wanderer on Nov 21, 2022.
             Slain by a rat (2 damage)
             ... on level 2 of the Dungeon.
             The game lasted 00:04:00 (1165 turns).

McGhostyFace the Magician (Gnoll Wanderer)          Turns: 1165, Time: 00:04:00

Health: 0/26       AC:  2    Str:  8    XL:     3   Next: 81%
Magic:  9/9        EV: 12    Int: 11    God:
Gold:   59         SH:  0    Dex: 16    Spells: 10/12 levels left

rFire   . . .      SeeInvis .    j - +0 double sword
rCold   . . .      Faith    .    (no shield)
rNeg    . . .      Spirit   .    f - +0 robe
rPois   .          Reflect  .    o - +0 hat
rElec   .          Harm     .    (no cloak)
rCorr   .          Rampage  .    (no gloves)
Will    .....                    (no boots)
Stlth   +++.......               (no amulet)
HPRegen 0.24/turn                (no ring)
MPRegen 0.11/turn                (no ring)

@: no status effects
A: fangs 1, strong nose, distributed training
a: no special abilities


You were on level 2 of the Dungeon.
You visited 1 branch of the dungeon, and saw 2 of its levels.

You collected 59 gold pieces.

Inventory:

Hand Weapons
 a - a +2 dagger
 d - a +0 dagger
 j - a +0 double sword (weapon)
Missiles
 c - 16 poisoned darts (quivered)
Armour
 f - a +0 robe (worn)
 o - a +0 hat (worn)
Scrolls
 h - a scroll of brand weapon {unknown}
 k - 2 scrolls of teleportation {unknown}
 l - a scroll of magic mapping {unknown}
 m - a scroll of immolation {unknown}
 n - a scroll of noise {unknown}
Potions
 b - 3 potions of brilliance
 e - a potion of lignification
 g - a potion of heal wounds {unknown}
 i - 2 potions of curing {unknown}


   Skills:
 + Level 1.0 Fighting
 + Level 1.0 Short Blades
 + Level 1.0 Long Blades
 + Level 1.0 Axes
 + Level 1.0 Maces & Flails
 + Level 1.0 Polearms
 + Level 1.0 Staves
 + Level 1.0 Ranged Weapons
 + Level 4.6 Throwing
 + Level 2.7 Armour
 + Level 1.0 Dodging
 + Level 4.2 Stealth
 + Level 1.0 Shields
 + Level 1.0 Unarmed Combat
 + Level 5.0 Spellcasting
 + Level 0.7 Conjurations
 + Level 0.7 Hexes
 + Level 0.7 Summonings
 + Level 0.7 Necromancy
 + Level 0.7 Translocations
 + Level 0.7 Transmutations
 + Level 0.7 Fire Magic
 + Level 0.7 Ice Magic
 + Level 3.8 Air Magic
 + Level 0.7 Earth Magic
 + Level 0.7 Poison Magic
 + Level 1.1 Invocations
 + Level 2.7 Evocations


You had 10 spell levels left.
You knew the following spells:

 Your Spells              Type           Power      Damage    Failure   Level
a - Poisonous Vapours     Pois/Air       14%        N/A       13%         2

Your spell library contained the following spells:

 Spells                   Type           Power      Damage    Failure   Level
 Static Discharge         Conj/Air       14%        2-3/arc   13%         2


Dungeon Overview and Level Annotations

Branches:
Dungeon (2/15)

Altars:

Shops:
D:2 ([

Annotations:
D:2 Robin


Innate Abilities, Weirdness & Mutations

You have very sharp teeth.
Your uncanny sense of smell can sniff out nearby items.
Your experience applies equally to all skills.


Message History

You kill the rat!
You hit the rat.
You kill the rat!
The rat closely misses you.
You slash the rat!
You kill the rat!
The rat bites you. The rat misses you. The endoplasm freezes you.
You are frozen.
The rat closely misses you. The endoplasm freezes you.
You are frozen.
The rat bites you. The rat bites you but does no damage.
You barely miss the endoplasm. The rat bites you. The rat barely misses you.
The endoplasm hits you. The rat misses you.
You slash the endoplasm!
You kill the endoplasm!
The rat barely misses you. The rat bites you but does no damage.
The rat bites you. The rat bites you but does no damage.
The rat barely misses you. The rat bites you but does no damage.
You closely miss the rat. The rat barely misses you. The rat misses you.
The rat bites you.
You closely miss the rat. You bite the rat.
The rat is heavily wounded.
The rat bites you but does no damage. The rat misses you.
The rat barely misses you. The rat closely misses you. x3
Unknown command.
You slash the rat!
You kill the rat!
The rat barely misses you. The rat misses you.
The rat bites you but does no damage. The rat barely misses you.
You see here a rat corpse.
You completely miss the rat. The rat bites you. The rat closely misses you.
The rat barely misses you. The rat misses you. The rat bites you.
* * * LOW HITPOINT WARNING * * *
You barely miss the rat. The rat bites you.
* * * LOW HITPOINT WARNING * * *
The rat barely misses you. x2
You closely miss the rat. The rat bites you.
* * * LOW HITPOINT WARNING * * *
The rat bites you but does no damage. The rat bites you.
You die...

# ##...... # ##. ...
..# .# ...###$# #.###.#
. #...#.###....(#.g. ..
#......?...J..#
#.#######...##÷÷#.##=..
#.......##....#.###
##..........###..##
#######....#.r@r.#
#####........#..r..#
#.......∩..###....##
..####....## ##...#
###..### ####.∆
####...## ##. #. ∆
#.....## ##.. . ..###.#
##... # .####.###..#


You could see 3 rats.

Vanquished Creatures
  2 dart slugs (D:1)
  2 ball pythons (D:1)
  3 endoplasms
  3 giant cockroaches (D:1)
  5 goblins (D:1)
  6 hobgoblins (D:1)
  A quokka (D:2)
  4 bats (D:1)
  3 kobolds (D:1)
  17 rats
46 creatures vanquished.

Notes
Turn   | Place    | Note
-------+----------+-------------------------------------------
     0 | D:1      | McGhostyFace the Gnoll Wanderer began the quest for the
                  | Orb.
     0 | D:1      | McGhostyFace set off with the following items: a +2 dagger,
                  | a potion of brilliance, 11 poisoned darts, a +0 dagger, a
                  | potion of lignification, a +0 robe; and the following
                  | spells available to memorise: Poisonous Vapours, Static
                  | Discharge.
     0 | D:1      | Reached XP level 1. HP: 13/13 MP: 6/6
   121 | D:1      | Reached XP level 2. HP: 19/19 MP: 7/7
   345 | D:1      | Reached skill level 5 in Spellcasting
   345 | D:1      | Reached XP level 3. HP: 15/25 MP: 7/9
   486 | D:1      | Reached skill level 1 in Invocations
   574 | D:2      | Noticed Robin
   699 | D:2      | Learned a level 2 spell: Poisonous Vapours
   702 | D:2      | Found Cuefutti's Antique Weapon Boutique.
   735 | D:2      | Found Ossu's Antique Armour Emporium.
   792 | D:2      | Reached skill level 1 in Fighting
   792 | D:2      | Reached skill level 1 in Short Blades
   792 | D:2      | Reached skill level 1 in Long Blades
   792 | D:2      | Reached skill level 1 in Axes
   792 | D:2      | Reached skill level 1 in Maces & Flails
   792 | D:2      | Reached skill level 1 in Polearms
   792 | D:2      | Reached skill level 1 in Staves
   792 | D:2      | Reached skill level 1 in Ranged Weapons
   792 | D:2      | Reached skill level 1 in Dodging
   792 | D:2      | Reached skill level 1 in Shields
   792 | D:2      | Reached skill level 1 in Unarmed Combat
  1165 | D:2      | Slain by a rat

Illustrated notes

Levels and vault maps discovered:
D:1:      minmay_arrival_shoal_huts, layout_rooms, minmay_distorted
D:2:      layout_rooms, serial_shops, shop, shop, nicolae_shop_window_shopping,
          shop, shop_fountains, minmay_rat_hole, uniq_robin

Skill      XL: |  1  2  3 |
---------------+----------+-----
Spellcasting   | 5 |  5.0
Invocations    | 1 |  1.1
Fighting       | 1 |  1.0
Short Blades   | 1 |  1.0
Long Blades    | 1 |  1.0
Axes           | 1 |  1.0
Maces & Flails | 1 |  1.0
Polearms       | 1 |  1.0
Staves         | 1 |  1.0
Ranged Weapons | 1 |  1.0
Dodging        | 1 |  1.0
Shields        | 1 |  1.0
Unarmed Combat | 1 |  1.0
Throwing       | |  4.6
Armour         | |  2.7
Stealth        | |  4.2
Conjurations   | |  0.7
Hexes          | |  0.7
Summonings     | |  0.7
Necromancy     | |  0.7
Translocations | |  0.7
Transmutations | |  0.7
Fire Magic     | |  0.7
Ice Magic      | |  0.7
Air Magic      | |  3.8
Earth Magic    | |  0.7
Poison Magic   | |  0.7
Evocations     | |  2.7

Action                   || total
-------------------------++-------
Melee: Dagger            ||    56
       Bite              ||     7
       Double sword      ||    54
  Use: Potion            ||     1
 Stab: Sleeping          ||     7
Armor: Robe              ||    27
       Skin              ||     7
Dodge: Dodged            ||    88

Table legend: (Time is in decaauts)
 A = Elapsed time spent in this place.
 B = Non-inter-level travel time spent in this place.
 C = Inter-level travel time spent in this place.
 D = Time resting spent in this place.
 E = Time spent auto-exploring this place.
 F = Levels seen in this place.
 G = Mean time per level.
                   A        B        C        D        E       F      G
               +--------+--------+--------+--------+--------+-----+--------+
         Total |   1191 |   1191 |      0 |    465 |    313 |   2 |  595.5 |
       Dungeon |   1191 |   1191 |      0 |    465 |    313 |   2 |  595.5 |
               +--------+--------+--------+--------+--------+-----+--------+

Top non-repeatable levels by time:
     D:1: 699 daAuts
     D:2: 492 daAuts
